 Dungeon Crawl Stone Soup version 0.31-a0-986-g5e6e4ef867 (webtiles) character file.

Game seed: 1211186863833710283

35 Elsrick the Sneak (level 3, 0/27 HPs)
             Began as a Vampire Brigand on Nov 10, 2023.
             Slain by a gnoll
             ... wielding a +0 spear
              (5 damage)
             ... on level 2 of the Dungeon on Nov 13, 2023.
             The game lasted 00:04:51 (1328 turns).

Elsrick the Sneak (Vampire Brigand)                 Turns: 1328, Time: 00:04:51

Health: 0/27       AC:  3    Str: 10    XL:     3   Next: 16%
Magic:  3/3        EV: 12    Int: 13    God:
Gold:   88         SH:  0    Dex: 17    Spells: 2/2 levels left

rFire   . . .        a - +2 dagger
rCold   . . .        (no shield)
rNeg    . . .        b - +0 robe
rPois   .            (no helmet)
rElec   .            c - +0 cloak
rCorr   .            (no gloves)
SInv    +            (no boots)
Will    .....        (no amulet)
Stlth   ++++         (no ring)
HPRegen 0.44/turn    (no ring)
MPRegen 0.08/turn

%: no passive effects
@: healing quickly
A: alive, fangs 3, see invisible, vampiric 2
a: Exsanguinate


You were on level 2 of the Dungeon.
You visited 1 branch of the dungeon, and saw 2 of its levels.

You collected 88 gold pieces.

Inventory:

Hand Weapons
 a - a +2 dagger (weapon)
Missiles
 d - a poisoned dart (quivered)
 e - 3 curare-tipped darts
Armour
 b - a +0 robe (worn)
 c - a +0 cloak (worn)
Scrolls
 g - a scroll of vulnerability {unknown}
 h - a scroll of torment {unknown}
 i - a scroll of enchant armour {unknown}
 j - a scroll of enchant weapon {unknown}
 m - 2 scrolls of blinking {unknown}
Potions
 f - a potion of lignification {unknown}
 k - a potion of berserk rage {unknown}
 l - 2 potions of curing {unknown}
 n - a potion of ambrosia {unknown}


   Skills:
 + Level 1.8 Fighting
 + Level 2.4 Short Blades
 + Level 2.1 Throwing
 + Level 1.1 Dodging
 + Level 6.8 Stealth


You had 2 spell levels left.
You didn't know any spells.
Your spell library contained the following spells:

 Spells                   Type           Power      Damage    Failure   Level
 Summon Small Mammal      Summ           0%         N/A       30%         1
 Call Canine Familiar     Summ           0%         N/A       67%         3
 Summon Guardian Golem    Hex/Summ       0%         N/A       67%         3


Dungeon Overview and Level Annotations

Branches:
Dungeon (2/15)

Altars:
Sif Muna


Innate Abilities, Weirdness & Mutations

Your natural rate of healing is accelerated.
You have razor-sharp teeth.
You have supernaturally acute eyesight. (SInv)
You are afflicted with vampirism and can become a bat while bloodless.


Message History

Press: ? - help, Q - select action, (/) - cycle Shift-Dir - straight line, f/p - gnoll
Aim: a gnoll, wielding a +0 spear (61% to hit)
You throw a poisoned dart. The poisoned dart hits the gnoll.
The gnoll is poisoned.
The gnoll looks more healthy.
There is a stone staircase leading up here.
Throw: 4 darts (poison)
Press: ? - help, Q - select action, (/) - cycle Shift-Dir - straight line, f/p - gnoll
Aim: a gnoll, wielding a +0 spear (lightly wounded, 61% to hit)
You throw a poisoned dart. The poisoned dart hits the gnoll.
The gnoll is poisoned.
The gnoll is lightly wounded.
Throw: 3 darts (poison)
Press: ? - help, Q - select action, (/) - cycle Shift-Dir - straight line, f/p - gnoll
Aim: a gnoll, wielding a +0 spear (lightly wounded, poisoned, 61% to hit)
You throw a poisoned dart.
The poisoned dart closely misses the gnoll.
The poisoned dart hits the gnoll.
The gnoll is poisoned.
The gnoll is lightly wounded.
A gnoll comes into view. It is wielding a +0 spear.
The gnoll shouts!
The gnoll hits you from afar with a +0 spear.
Throw: 2 darts (poison)
Press: ? - help, Q - select action, (/) - cycle Shift-Dir - straight line, f/p - gnoll
Aim: a gnoll, wielding a +0 spear (moderately wounded, poisoned, 61% to hit)
You throw a poisoned dart.
The poisoned dart barely misses the gnoll.
The gnoll misses you.
The gnoll hits you from afar with a +0 spear.
The gnoll hits you with a +0 spear.
You hit the gnoll.
The gnoll is severely wounded.
The gnoll hits you from afar with a +0 spear.
The gnoll hits you with a +0 spear.
* * * LOW HITPOINT WARNING * * *
You hit the gnoll.
The gnoll is almost dead.
The gnoll looks more healthy.
The gnoll hits you from afar with a +0 spear.
You die...

#.....# #######...##
#.....# ##.....'...'.
#.....###..#####)..##
#.....#.....####...#
#..............#...#
####'##...#.##.#####
#....g..###.##.#
#.##.#.>(....(.
#.#<@g###.#.##(
#.##......#.#
#.....##### #######


You could see 2 gnolls.

Vanquished Creatures
  2 adders (D:2)
  3 ball pythons (D:1)
  2 endoplasms
  A goblin (D:2)
  2 kobolds
  2 quokkas (D:1)
  A bat (D:2)
  3 frilled lizards
  2 rats
18 creatures vanquished.

Notes
Turn   | Place    | Note
-------+----------+-------------------------------------------
     0 | D:1      | Elsrick the Vampire Brigand began the quest for the Orb.
     0 | D:1      | Reached XP level 1. HP: 16/16 MP: 1/1
   104 | D:1      | Reached skill level 6 in Stealth
   499 | D:1      | Reached XP level 2. HP: 17/22 MP: 2/2
  1237 | D:2      | Found a shimmering blue altar of Sif Muna.
  1289 | D:2      | Gained mutation: You are afflicted with vampirism and can
                  | become a bat while bloodless. [Vampire growth]
  1289 | D:2      | Reached XP level 3. HP: 20/27 MP: 3/3
  1328 | D:2      | Slain by a gnoll

Illustrated notes

Levels and vault maps discovered:
D:1:      dpeg_arrival_water_temple_mockup, layout_basic, minmay_hedge_maze,
          serial_bayou_pond_e, st_stairs_3, minmay_misc_feat_enclosed,
          minmay_statues_item, kennysheep_doodads,
          hangedman_abyss_or_decor_stabs
D:2:      layout_basic, basic_altar, amcnicky_mini_corridor_feature,
          nicolae_titane

Skill      XL: |  1  2 |
---------------+-------+-----
Stealth        | 6 |  6.8
Throwing       | 2 |  2.1
Fighting       | |  1.8
Short Blades   | |  2.4
Dodging        | |  1.1

Action                     || total
---------------------------++-------
  Melee: Dagger            ||    48
         Bite              ||     2
         Punch             ||     1
  Throw: Dart              ||    25
   Stab: Sleeping          ||     4
 Armour: Robe              ||    42
  Dodge: Dodged            ||    31

Table legend: (Time is in decaauts)
 A = Elapsed time spent in this place.
 B = Non-inter-level travel time spent in this place.
 C = Inter-level travel time spent in this place.
 D = Time resting spent in this place.
 E = Time spent auto-exploring this place.
 F = Levels seen in this place.
 G = Mean time per level.
                   A        B        C        D        E       F      G
               +--------+--------+--------+--------+--------+-----+--------+
         Total |   1321 |   1252 |     69 |     67 |    856 |   2 |  660.5 |
       Dungeon |   1321 |   1252 |     69 |     67 |    856 |   2 |  660.5 |
               +--------+--------+--------+--------+--------+-----+--------+

Top non-repeatable levels by time:
     D:1: 924 daAuts
     D:2: 396 daAuts
